 Dungeon Crawl Stone Soup version 0.27-a0-1196-g3e9cee4cb2 (webtiles) character file.

Game seed: 9234283380719352797

1628 pokeman the Thaumaturge (level 8, -5/67 HPs)
             Began as a Deep Elf Hedge Wizard on May 28, 2021.
             Was a Follower of Vehumet.
             Blown up by a kobold brigand (7 damage)
             ... with a mindburst bolt
             ... on level 6 of the Dungeon.
             The game lasted 00:21:27 (7370 turns).

pokeman the Thaumaturge (Deep Elf Hedge Wizard)     Turns: 7370, Time: 00:21:28

Health: -5/67      AC: 24    Str:  7    XL:     8   Next: 65%
Magic:  11/24      EV:  2    Int: 22    God:    Vehumet [*.....]
Gold:   265        SH:  0    Dex: 20    Spells: 15/27 levels left

rFire    . . .     SeeInvis .   h - +2 hand axe (elec)
rCold    . . .     Faith    .   (no shield)
rNeg     + + +     Spirit   .   (armour currently unavailable)
rPois    +         Reflect  .   (helmet currently unavailable)
rElec    .         Harm     .   (cloak currently unavailable)
rCorr    .         Rampage  .   (gloves currently unavailable)
Will     .....     NoTele   +   (boots currently unavailable)
Stlth    +++.......             i - amulet of regeneration
HPRegen  1.21/turn              a - +6 ring of dexterity
MPRegen  0.19/turn              (no ring)

@: lethally poisoned (-5 -> -5), tree-form, slowed, very slow
A: stationary, stasis, torment immunity, boosted hp
a: Renounce Religion


You were on level 6 of the Dungeon.
You worshipped Vehumet.
Vehumet was aware of your devotion.
You were a tree.
You visited 2 branches of the dungeon, and saw 9 of its levels.
You also visited: Sewer.

You collected 265 gold pieces.

Inventory:

Hand Weapons
 h - a +2 hand axe of electrocution (weapon)
 C - a +6 shortbow
Missiles
 j - 112 arrows
 r - 47 bolts
Armour
 l - a +0 leather armour (melded)
 t - a +0 helmet (melded)
 w - a +0 pair of gloves (melded)
Jewellery
 a - a +6 ring of dexterity (left branch)
 b - a ring of ice
 i - an amulet of regeneration (around neck)
 D - a +4 ring of evasion
Wands
 u - a wand of acid (10)
 E - a wand of flame (13)
Scrolls
 e - 6 scrolls of identify {unknown}
 f - 7 scrolls of teleportation {unknown}
 q - 2 scrolls of enchant armour {unknown}
 v - a scroll of silence {unknown}
 x - a scroll of immolation {unknown}
 y - a scroll of amnesia {unknown}
 A - a scroll of fear {unknown}
 B - a scroll of torment {unknown}
 F - a scroll of brand weapon {unknown}
Potions
 c - 2 potions of heal wounds {unknown}
 d - a potion of resistance
 g - a potion of attraction {unknown}
 k - a potion of ambrosia {unknown}
 m - a potion of curing {unknown}
 n - a potion of might {unknown}
 o - 2 potions of cancellation {unknown}
 p - 3 potions of lignification
 s - 2 potions of haste {unknown}
 z - a potion of brilliance {unknown}


   Skills:
 + Level 2.7 Fighting
 - Level 2.0 Armour
 - Level 3.0 Dodging
 - Level 3.0 Stealth
 * Level 10.0 Spellcasting
 + Level 5.4 Conjurations
 - Level 1.1 Summonings
 - Level 1.1 Translocations
 + Level 4.0 Fire Magic
 - Level 1.0 Air Magic
 - Level 2.0 Poison Magic
 - Level 1.0 Evocations


You had 15 spell levels left.
You knew the following spells:

 Your Spells              Type           Power      Damage    Failure   Level
a - Magic Dart            Conj           100%       1d8       1%          1
b - Mephitic Cloud        Conj/Pois/Air  23%        N/A       6%          3
c - Call Imp              Summ           15%        N/A       6%          2
d - Blink                 Tloc           N/A        N/A       6%          2
e - Conjure Flame         Conj/Fire      31%        6-21      2%          3
f - Shock                 Conj/Air       100%       1d9       1%          1

Your spell library contained the following spells:

 Spells                   Type           Power      Damage    Failure   Level
 Summon Small Mammal      Summ           60%        N/A       3%          1
 Corona                   Hex            12%        N/A       6%          1
 Inner Flame              Hex/Fire       19%        N/A       8%          3
 Slow                     Hex            11%        N/A       9%          2
 Call Canine Familiar     Summ           15%        N/A       12%         3
 Portal Projectile        Hex/Tloc       26%        N/A       14%         3
 Summon Guardian Golem    Hex/Summ       13%        N/A       14%         3
 Summon Lightning Spire   Summ/Air       15%        N/A       36%         4
 Summon Ice Beast         Ice/Summ       13%        N/A       43%         4
 Cause Fear               Hex            5%         N/A       52%         4
 Leda's Liquefaction      Hex/Erth       5%         N/A       52%         4


Dungeon Overview and Level Annotations

Branches:
Dungeon (8/15)             Temple (1/1) D:4           Sewer (visited)
   Lair: D:8-11

Altars:
Ashenzari
Cheibriados
Elyvilon
Fedhas
Makhleb
Nemelex Xobeh
Ru
Sif Muna
Vehumet
Wu Jian
Xom
Yredelemnul
The Shining One

Shops:
D:2 =!

Annotations:
D:6 3 runed translucent doors, Sweetruy1997's ghost, novice PaFi


Message History

Your +0 helmet melds into your body.
Your +0 pair of gloves melds into your body.
Your +0 leather armour melds into your body.
Your roots penetrate the ground.
* * * LOW HITPOINT WARNING * * *
You feel very sick.
The kobold brigand hits your white imp with a +0 short sword.
Your white imp barely misses the kobold brigand.
You feel sick.
The kobold brigand zaps a wand.
Your white imp barely resists.
Your white imp closely misses the kobold brigand.
The kobold brigand hits your white imp with a +0 short sword!
Your white imp dies!
Sweetruy1997's ghost whispers, "Trust me.
Just give in."
You feel sick.
The kobold brigand zaps a wand.
Your white imp's mind is blasted!
Your white imp gestures at the kobold brigand.
The puff of frost hits the kobold brigand.
The kobold brigand resists.
Sweetruy1997's ghost stares at you.
Casting: Call Imp (safe; 6% risk of failure)
Confirm with . or Enter, or press ? or * to list all spells.
You can't see any susceptible monsters within range! (Use Z to cast anyway.)
Okay, then.
Unknown command.
Casting: Call Imp (safe; 6% risk of failure)
Confirm with . or Enter, or press ? or * to list all spells.
Aiming: Mephitic Cloud (dangerous; 6% risk of failure)
Press: ? - help, Shift-Dir - straight line, f - white imp, p - kobold brigand
Aim: a white imp (almost dead, summoned, friendly, not susceptible)
The ball explodes into a vile cloud!
The stinking cloud engulfs your white imp but does no damage.
Your white imp is almost dead.
The stinking cloud engulfs the kobold brigand but does no damage.
The kobold brigand is heavily wounded.
You feel sick.
The kobold brigand zaps a wand.
Your white imp's mind is blasted!
Your white imp is blown up!
The kobold brigand zaps a wand.
Your mind is blasted!
You die...

.# #.#..()$..#.##.#### .#
###.#.#...#.#.##.#### #
#...#..#.#..#.##.#...
#.#.#.#...#.#.##.#.##
#.#.#O..(...#.##.#.#
#.#.#WHo....#.##.#.#
#.#.###+++###.##.#.##
#.#.#####☼............##.....
#...)KK○☼..♣....#########.##
#..)############## #.## #
#... ####


You could see a manticore, a kobold brigand (resistant), an ogre, an orc priest,
Sweetruy1997's ghost and a kobold.

Vanquished Creatures
  Edmund (D:6)
  3 ice beasts
  An orc warrior (D:8)
  Purgy (Sewer)
  A necrophage (D:6)
  A bullfrog (D:5)
  2 hounds (D:5)
  3 jellies
  3 orc priests
  5 iguanas
  Ijyb (D:4)
  An orc wizard (D:5)
  A killer bee zombie (D:4)
  13 adders
  4 gnolls (D:3)
  A white imp (D:5)
  An adder skeleton (D:3)
  A worm (D:2)
  2 dart slugs
  24 orcs
  7 ball pythons
  5 endoplasms
  13 giant cockroaches
  3 goblins
  10 hobgoblins
  11 jackals
  2 quokkas
  2 bats
  3 frilled lizards
  15 kobolds
  3 rats
144 creatures vanquished.

Vanquished Creatures (collateral kills)
  Grinder (D:4)
  An orc (D:4)
2 creatures vanquished.

Vanquished Creatures (others)
  12 fungi (D:6)
  3 plants (D:4)
15 creatures vanquished.

Grand Total: 161 creatures vanquished

Notes
Turn   | Place    | Note
-------+----------+-------------------------------------------
     0 | D:1      | pokeman the Deep Elf Hedge Wizard began the quest for the
                  | Orb.
     0 | D:1      | Reached XP level 1. HP: 10/10 MP: 7/7
   203 | D:1      | Reached XP level 2. HP: 16/16 MP: 3/9
  1189 | D:2      | Reached skill level 5 in Spellcasting
  1292 | D:2      | Found Myorphi's Jewellery Boutique.
  1347 | D:2      | Reached XP level 3. HP: 20/20 MP: 6/11
  1351 | D:2      | Learned a level 3 spell: Mephitic Cloud
  1354 | D:2      | Learned a level 2 spell: Call Imp
  1357 | D:2      | Learned a level 2 spell: Blink
  1361 | D:2      | Learned a level 3 spell: Conjure Flame
  1610 | D:2      | Reached skill level 1 in Fighting
  1611 | D:2      | Reached skill level 1 in Armour
  1953 | D:2      | Reached XP level 4. HP: 25/25 MP: 6/13
  2004 | D:2      | Found Jopom's Distillery.
  2497 | D:3      | Reached skill level 1 in Fire Magic
  2905 | D:3      | Reached skill level 6 in Spellcasting
  2951 | D:3      | Reached XP level 5. HP: 29/29 MP: 9/15
  3400 | D:3      | Reached skill level 1 in Air Magic
  3612 | D:4      | Found a sacrificial altar of Ru.
  3673 | D:4      | Found a staircase to the Ecumenical Temple.
  3681 | D:4      | Noticed Ijyb
  3692 | D:4      | Killed Ijyb
  3785 | Temple   | Entered the Ecumenical Temple
  3797 | Temple   | Became a worshipper of Vehumet
  3851 | D:4      | Reached XP level 6. HP: 26/34 MP: 11/17
  3873 | D:4      | Found a glowing drain.
  3897 | D:4      | Reached skill level 1 in Poison Magic
  3924 | Sewer    | Entered a sewer
  4074 | Sewer    | Noticed Purgy
  4089 | Sewer    | Killed Purgy
  4090 | Sewer    | Reached skill level 7 in Spellcasting
  4484 | D:4      | Reached skill level 1 in Evocations
  4593 | D:4      | Found a shimmering altar of Xom.
  4593 | D:4      | Found a glowing golden altar of the Shining One.
  4593 | D:4      | Found a basalt altar of Yredelemnul.
  4783 | D:4      | Found a sparkling altar of Nemelex Xobeh.
  4783 | D:4      | Found a transporter.
  4837 | D:4      | Noticed Grinder
  4865 | D:4      | Killed Grinder
  4866 | D:4      | Reached XP level 7. HP: 39/39 MP: 13/20
  5021 | D:5      | Entered Level 5 of the Dungeon
  5026 | D:5      | Reached skill level 8 in Spellcasting
  5267 | D:5      | You fall into a shaft and drop 3 floors!
  5389 | D:8      | Reached * piety under Vehumet
  5389 | D:8      | Offered knowledge of Shock by Vehumet.
  5390 | D:8      | Reached XP level 8. HP: 44/44 MP: 10/22
  5392 | D:8      | Learned a level 1 spell: Shock
  5582 | D:6      | You fall into a shaft and drop 2 floors!
  5629 | D:5      | Reached skill level 9 in Spellcasting
  5867 | D:5      | Found a blossoming altar of Fedhas.
  6482 | D:5      | Reached skill level 5 in Conjurations
  7007 | D:6      | Noticed Edmund
  7042 | D:6      | Killed Edmund
  7106 | D:6      | Found a runed translucent gate.
  7106 | D:6      | Found a runed translucent gate.
  7132 | D:6      | Reached skill level 10 in Spellcasting
  7314 | D:6      | Noticed a manticore
  7315 | D:6      | Found a runed translucent gate.
  7315 | D:6      | Noticed Sweetruy1997's ghost (novice PaFi)
  7366 | D:6      | HP: 2/45 [asphyx]
  7370 | D:6      | Blown up by a kobold brigand

Illustrated notes

Levels and vault maps discovered:
D:1:      tarquinn_simple_flora_water_c, layout_loops_ring, grunt_decor_clamped,
          minmay_hedge_maze
D:2:      minmay_roachtagon, layout_basic, serial_shops, shop, shop
D:3:      layout_basic
D:4:      layout_loops_ring, old_standard_altar, grunt_nemelex_the_gamble,
          gammafunk_temple_overflow_forgotten, minmay_temple_entry_statues,
          gup_sewer_entry_glass, minmay_misc_feat_plants, uniq_ijyb,
          uniq_grinder
D:5:      layout_loops_ring, kennysheep_little_box
D:6:      layout_loops_corners, serial_aquarium, aquarium_bridge_long_separate
          [aquarium_subvault_window, aquarium_subvault_bridge,
          aquarium_subvault_window, aquarium_subvault_wall,
          aquarium_subvault_bridge, aquarium_subvault_bridge],
          aquarium_window_1, aquarium_window_2, aquarium_window_fake,
          aquarium_view_2g, aquarium_pool_S, gammafunk_ghost_split, uniq_edmund
D:7:      layout_loops_ring, lemuel_coloured_pillars_altar
D:8:      layout_rooms, roderic_batcave
Temple:   eino_wide_crystal_templ

Skill      XL: |  1  2  3  4  5  6  7  8 |
---------------+-------------------------+-----
Spellcasting   | 5 6 7 8 10 | 10.0
Fighting       | 1 2 |  2.7
Armour         | 1 2 |  2.0
Conjurations   | 2 3 4 5 |  5.4
Fire Magic     | 1 2 4 |  4.0
Dodging        | 3 |  3.0
Air Magic      | 1 |  1.0
Stealth        | 3 |  3.0
Poison Magic   | 2 |  2.0
Evocations     | 1 |  1.0
Summonings     | |  1.1
Translocations | |  1.1

Action                   |  1- 3 |  4- 6 |  7- 9 || total
-------------------------+-------+-------+-------++-------
Melee: Hand axe          |    12 |    57 |    16 ||    85
 Fire: Shortbow          |       |     4 |    19 ||    23
 Cast: Magic Dart        |    82 |   125 |    92 ||   299
       Mephitic Cloud    |       |    10 |    13 ||    23
       Conjure Flame     |       |     4 |    12 ||    16
       Call Imp          |       |     1 |     4 ||     5
       Blink             |       |       |     1 ||     1
       Shock             |       |       |    32 ||    32
  Use: Potion            |       |       |     1 ||     1
 Stab: Confused          |       |     6 |     2 ||     8
Armor: Robe              |     6 |       |       ||     6
       Leather armour    |     1 |    25 |     6 ||    32
Dodge: Dodged            |    16 |    43 |    25 ||    84

Table legend: (Time is in decaauts)
 A = Elapsed time spent in this place.
 B = Non-inter-level travel time spent in this place.
 C = Inter-level travel time spent in this place.
 D = Time resting spent in this place.
 E = Time spent auto-exploring this place.
 F = Levels seen in this place.
 G = Mean time per level.
                   A        B        C        D        E       F      G
               +--------+--------+--------+--------+--------+-----+--------+
         Total |   7414 |   7182 |    232 |    317 |   5489 |  10 |  741.4 |
       Dungeon |   7120 |   6901 |    219 |    317 |   5278 |   8 |  890.0 |
        Temple |     26 |     13 |     13 |      0 |      5 |   1 |   26.0 |
         Sewer |    266 |    266 |      0 |      0 |    206 |   1 |  266.0 |
               +--------+--------+--------+--------+--------+-----+--------+

Top non-repeatable levels by time:
     D:5: 1379 daAuts
     D:3: 1243 daAuts
     D:4: 1201 daAuts
     D:1: 1184 daAuts
     D:2: 1129 daAuts
     D:6: 657 daAuts
     D:8: 303 daAuts
   Sewer: 266 daAuts
  Temple: 26 daAuts
     D:7: 21 daAuts
